 Dungeon Crawl Stone Soup version 0.22-a0-406-g9ff8d77 (webtiles) character file.

305 Borgoz the Skirmisher (level 6, -8/39 HPs)
             Began as a Gargoyle Fighter on May 8, 2018.
             Was an Initiate of Ashenzari.
             Killed from afar by a white imp (9 damage)
             ... with a puff of frost
             ... summoned by Eustachio
             ... on level 4 of the Dungeon.
             The game lasted 00:03:50 (3044 turns).

Borgoz the Skirmisher (Gargoyle Fighter)            Turns: 3044, Time: 00:03:51

Health: -8/39      AC: 11    Str: 20    XL:     6   Next: 39%
Magic:  0/6        EV:  6    Int:  8    God:    Ashenzari [......]
Gold:   203        SH:  9    Dex: 11    Spells: 5/5 levels left

rFire    . . .     SeeInvis +   a - +0 war axe
rCold    . . .     Gourm    .   c - +0 shield
rNeg     + . .     Faith    .   b - +0 scale mail
rPois    ∞         Spirit   +   (no helmet)
rElec    +         Reflect  .   (no cloak)
rCorr    .         Harm     .   (no gloves)
MR       .....                  (no boots)
Stlth    ..........             s - amulet of guardian spirit
HPRegen  0.13/turn              o - ring of see invisible
MPRegen  0.10/turn              q - -2 ring of evasion (curse)

@: flying
A: negative energy resistance 1, electricity resistance, unbreathing,
petrification resistance, rot immunity, AC +4
a: Curse Item, Renounce Religion


You were on level 4 of the Dungeon.
You worshipped Ashenzari.
Ashenzari was noncommittal.
You were near starving.

You visited 2 branches of the dungeon, and saw 5 of its levels.

You collected 203 gold pieces.

Inventory:

Hand Weapons
 a - a +0 war axe (weapon)
Armour
 b - a +0 scale mail (worn)
 c - a +0 shield (worn)
Jewellery
 o - a ring of see invisible (left hand)
 q - a cursed -2 ring of evasion (right hand)
 s - an amulet of guardian spirit (around neck)
 t - an uncursed amulet of the acrobat
Scrolls
 g - a scroll of identify
 i - 2 scrolls of noise {unknown}
 k - 2 scrolls of teleportation {unknown}
 l - a scroll of random uselessness {unknown}
 m - 4 scrolls of remove curse
 p - a scroll of enchant armour {unknown}
 r - a scroll of blinking {unknown}
 u - a scroll of enchant weapon {unknown}
 v - a scroll of immolation {unknown}
Potions
 h - 2 potions of degeneration
 n - 3 potions of brilliance
Comestibles
 f - 9 rations


   Skills:
 + Level 4.7 Fighting
 + Level 3.3 Axes
 + Level 4.7 Armour
 + Level 2.3 Dodging
 - Level 3.3 Shields


You had 5 spell levels left.
You didn't know any spells.

Dungeon Overview and Level Annotations

Branches:
Dungeon (4/15)             Temple (1/1) D:4

Altars:
Ashenzari
Cheibriados
Elyvilon
Fedhas
Gozag
Hepliaklqana
Makhleb
Okawaru
Qazlal
Ru
Sif Muna
Trog
Uskayaw
Wu Jian
Yredelemnul
Zin

Annotations:
D:4 Eustachio


Innate Abilities, Weirdness & Mutations

You are resistant to torment.
Your stone body is resilient. (AC +4)
You are immune to poison.
You resist negative energy. (rN+)
You are resistant to electric shocks. (rElec)
You can survive without breathing.
You are immune to petrification.
You are immune to rotting.


Message History

* * * LOW HITPOINT WARNING * * *
It was a potion of flight.
You feel very buoyant.
You fly up into the air.
You block the ufetubus's attack.
The ufetubus hits you but does no damage.
You block the ufetubus's attack. x2
The white imp shouts, "Leave, thou foppish flat-headed serf!"
Eustachio barely misses you.
You closely miss Eustachio.
Eustachio is almost dead.
You closely miss the ufetubus. You barely miss the river rat.
You miss the ufetubus. You slash the white imp!
You block the ufetubus's attack. x2
The ufetubus hits you but does no damage. x2
The ufetubus hits you. The ufetubus closely misses you.
You block the ufetubus's attack.
The ufetubus hits you but does no damage.
The white imp gestures at you. The puff of frost hits you!
You die...

########## #.
.........# #.
.........###
#..#..........#
#.#..........#
#...#........#
#..#........#
#..5b.......#
....#r@#.......# #
#55@.##....#
....#r........#
##...##...##..#
#.....##.....#
##..#...##.).#
##...#...##†#
###........########
####..#...)......


You could see Eustachio, 2 river rats, a white imp, 2 ufetubi and a bat.

Vanquished Creatures
  Blork the orc (D:4)
  The ghost of azzavlup the Slasher, an amateur VSFi (D:3)
  A crimson imp (D:4)
  A hound skeleton (D:4)
  4 adders (D:2)
  An ooze (D:2)
  An adder skeleton (D:4)
  2 dart slugs
  4 leopard geckos
  An orc (D:4)
  11 bats
  3 giant cockroaches
  5 hobgoblins
  11 jackals
  11 kobolds
  A quokka (D:3)
  5 frilled lizards
  5 goblins (D:3)
  8 rats
77 creatures vanquished.

Notes
Turn   | Place    | Note
-------+----------+-------------------------------------------
     0 | D:1      | Borgoz the Gargoyle Fighter began the quest for the Orb.
     0 | D:1      | Reached XP level 1. HP: 14/14 MP: 1/1
   194 | D:1      | Reached XP level 2. HP: 19/19 MP: 2/2
   886 | D:2      | Reached XP level 3. HP: 23/23 MP: 3/3
  1160 | D:2      | Reached skill level 1 in Dodging
  1482 | D:2      | Reached XP level 4. HP: 28/29 MP: 4/4
  1990 | D:3      | Noticed azzavlup's ghost (amateur VSFi)
  2004 | D:3      | Killed azzavlup's ghost
  2004 | D:3      | Reached XP level 5. HP: 23/33 MP: 3/5
  2649 | D:4      | Found a staircase to the Ecumenical Temple.
  2655 | Temple   | Entered the Ecumenical Temple
  2852 | Temple   | Became a worshipper of Ashenzari the Shackled
  2950 | D:4      | Noticed Blork the orc
  2953 | D:4      | Noticed Eustachio
  2961 | D:4      | Killed Blork the orc
  2961 | D:4      | Reached XP level 6. HP: 17/39 MP: 2/6
  3042 | D:4      | HP: 1/39 [Eustachio/rapier of draining (4)]
  3044 | D:4      | Killed from afar by a white imp

Vault maps used:
D:1:      dpeg_arrival_pits, grunt_decor_cap, minmay_cut_off
D:2:      kennysheep_six_static_rooms
D:3:      first_ration, serial_bayou_lagoon_a, minivault_26
D:4:      lemuel_coloured_pillars_altar, lemuel_doored_altar,
          minmay_temple_entry_butterflies, hangedman_decor_peaks_small,
          uniq_sigmund, uniq_blork_the_orc, uniq_eustachio
Temple:   regret_index_temple_sphere_string

Skill      XL: |  1  2  3  4  5 |
---------------+----------------+-----
Axes           | 2 3 |  3.3
Dodging        | 1 2 |  2.3
Fighting       | 4 |  4.7
Armour         | 4 |  4.7
Shields        | |  3.3

Action                   |  1- 3 |  4- 6 || total
-------------------------+-------+-------++-------
Melee: War axe           |   113 |   191 ||   304
  Use: Potion            |       |     3 ||     3
       Scroll            |       |     3 ||     3
  Eat: Chunk             |     2 |     4 ||     6
Armor: Scale mail        |    87 |   138 ||   225
Dodge: Dodged            |    39 |    83 ||   122
Block: Shield            |    69 |   148 ||   217

Table legend:
 A = Spawn XP
 B = Non-spawn XP
 C = Spawn XP percentage of total XP
 D = Spawn monster count
 E = Non-spawn monster count
 F = Spawn count percentage of total count
 G = Total turns spent on level
                    A         B        C        D         E        F      G
               +---------+---------+-------+---------+---------+-------+---------
         Total |       0 |     437 |   0.0 |       0 |      77 |   0.0 |  3044
               +---------+---------+-------+---------+---------+-------+---------
           D:1 |       0 |      29 |   0.0 |       0 |      20 |   0.0 |   827
           D:2 |       0 |      95 |   0.0 |       0 |      25 |   0.0 |   933
           D:3 |       0 |     132 |   0.0 |       0 |      22 |   0.0 |   843
           D:4 |       0 |     181 |   0.0 |       0 |      10 |   0.0 |   230
               +---------+---------+-------+---------+---------+-------+---------
